 Dungeon Crawl Stone Soup version 0.22.1-1-ga44c0e56f4 (webtiles) character file.

251034 Mjsee792 the Hoplite (level 18, -16/274 HPs)
             Began as a Minotaur Fighter on Oct 14, 2018.
             Was the Champion of Okawaru.
             Killed from afar by a battlesphere (19 damage)
             ... created by a tengu reaver
             ... on level 2 of the Vaults.
             The game lasted 01:57:34 (40902 turns).

Mjsee792 the Hoplite (Minotaur Fighter)            Turns: 40902, Time: 01:57:35

Health: -16/274    AC: 35    Str: 39    XL:     18   Next: 92%
Magic:  17/19      EV:  7    Int:  9    God:    Okawaru [******]
Gold:   886        SH: 29    Dex: 18    Spells: 17/17 levels left

rFire    . . .     SeeInvis +   w - +9 flail of Fixation {crush, *Corrode rElec rN+ Dex+2}
rCold    . . .     Gourm    .   g - +0 large shield
rNeg     + . .     Faith    .   H - +6 crystal plate armour
rPois    .         Spirit   .   R - +3 crown of Dyrovepreva {rElec Int+2 SInv}
rElec    +         Reflect  .   c - scarf {cloud immunity}
rCorr    .         Harm     .   X - -4 pair of gloves "Bayd" {Str+7 Int+2}
MR       ++...                  D - +0 pair of boots {Fly}
Stlth    ..........             i - amulet of rage
HPRegen  0.55/turn              Y - +3 ring of protection
MPRegen  0.16/turn              T - ring of protection from magic

@: berserking, flying, very quick
A: retaliatory headbutt, fangs 1, horns 2, strong 2
}: 2/15 runes: decaying, serpentine
a: Heroism, Finesse, Renounce Religion, Evoke Berserk Rage, Stop Flying


You were on level 2 of the Vaults.
You worshipped Okawaru.
Okawaru was exalted by your worship.
You were very hungry.

You visited 7 branches of the dungeon, and saw 34 of its levels.
You also visited: Labyrinth.

You collected 2866 gold pieces.
You spent 1980 gold pieces at shops.

Inventory:

Hand Weapons
 w - the +9 flail of Fixation (weapon) {crush, *Corrode rElec rN+ Dex+2}
   (You found it on level 6 of the Dungeon)

   It inflicts extra damage upon your enemies.
   It affects your dexterity (+2).
   It insulates you from electricity.
   It protects you from negative energy.
   It may corrode you when you take damage.
 C - the +6 flail "Xifoent" {holy, +Fly Dex+4}
   (You found it on level 4 of the Swamp)

   It has been blessed by the Shining One to cause great damage to the undead
   and demons.
   It affects your dexterity (+4).
   It lets you fly.
Armour
 c - a scarf of cloud immunity (worn)
 g - a +0 large shield (worn)
 o - a +2 cloak of magic resistance
 D - a +0 pair of boots of flying (worn)
 H - a +6 crystal plate armour (worn)
 J - a +0 pair of gloves of strength
 R - the +3 crown of Dyrovepreva (worn) {rElec Int+2 SInv}
   (You bought it in a shop on level 2 of the Orcish Mines)

   It affects your intelligence (+2).
   It insulates you from electricity.
   It lets you see invisible.
 X - the -4 pair of gloves "Bayd" (worn) {Str+7 Int+2}
   (Okawaru gifted it to you on level 1 of the Vaults)

   It affects your strength (+7).
   It affects your intelligence (+2).
Jewellery
 i - an amulet of rage (around neck)
 y - an uncursed ring of protection from fire
 O - an uncursed ring of fire
 S - the ring "Dagotul" {*Tele Str+5 Int+3}
   (You found it on level 1 of the Lair of Beasts)

   [ring of teleportation]

   It may teleport you next to monsters.
   It affects your strength (+5).
   It affects your intelligence (+3).
 T - a ring of protection from magic (right hand)
 Y - a +3 ring of protection (left hand)
 Z - an uncursed ring of fire
Wands
 l - a wand of disintegration (14)
 m - a wand of polymorph (60)
 p - a wand of enslavement (34)
 s - a wand of digging (72)
 B - a wand of clouds (6)
 F - a wand of paralysis (17)
 K - a wand of scattershot (5)
 N - a wand of random effects (19)
 U - a wand of acid (9)
Scrolls
 a - 3 scrolls of blinking
 b - 4 scrolls of teleportation
 h - 11 scrolls of identify
 q - 5 scrolls of remove curse
 u - 3 scrolls of immolation
 G - 4 scrolls of fear
 L - a scroll of magic mapping
Potions
 d - 3 potions of might
 e - 8 potions of curing
 k - 3 potions of mutation
 n - 3 potions of resistance
 r - 2 potions of invisibility
 t - a potion of cancellation
 x - 2 potions of ambrosia
 z - a potion of agility
 A - 2 potions of heal wounds
 P - a potion of berserk rage
 Q - 3 potions of brilliance
 V - 4 potions of haste
 W - 3 potions of lignification
Miscellaneous
 v - a phantom mirror
 I - a fan of gales
Comestibles
 f - 31 rations


   Skills:
 + Level 21.7 Fighting
   Level 2.4(9.6) Axes
 - Level 13.9(14.0) Maces & Flails
 + Level 15.5 Armour
 * Level 25.7 Shields
 + Level 1.4 Invocations
 + Level 2.8 Evocations


You had 17 spell levels left.
You didn't know any spells.
Your spell library contained the following spells:

 Spells                   Type           Power        Failure   Level  Hunger
 Animate Skeleton         Necr           N/A          98%         1    ##.....
 Apportation              Tloc           #.....       98%         1    ##.....
 Confusing Touch          Hex            #.....       98%         1    ##.....
 Pain                     Necr           #...         98%         1    ##.....
 Summon Butterflies       Summ           #.......     98%         1    ##.....
 Summon Small Mammal      Summ           #...         98%         1    ##.....
 Call Canine Familiar     Summ           #.......     100%        3    ####...
 Recall                   Summ/Tloc      N/A          100%        3    ####...
 Regeneration             Chrm/Necr      #.........   100%        3    ####...
 Vampiric Draining        Necr           #.........   100%        3    ####...
 Animate Dead             Necr           N/A          100%        4    #####..
 Summon Ice Beast         Ice/Summ       #.......     100%        4    #####..
 Borgnjor's Vile Clutch   Necr/Erth      #.........   100%        5    ######.
 Irradiate                Conj/Tmut      #.........   100%        5    ######.
 Summon Mana Viper        Hex/Summ       #.......     100%        5    ######.
 Death Channel            Necr           #.........   100%        6    #######
 Hydra Form               Tmut           #.........   100%        6    #######
 Simulacrum               Ice/Necr       #.........   100%        6    #######
 Statue Form              Tmut/Erth      #........    100%        6    #######
 Dragon Form              Tmut           #.........   100%        7    #######
 Summon Hydra             Summ           #.........   100%        7    #######


Dungeon Overview and Level Annotations

Branches:
Dungeon (15/15)            Temple (1/1) D:5            Lair (6/6) D:11
  Swamp (4/4) Lair:4        Snake (4/4) Lair:2        Slime (0/5) Lair:6
    Orc (2/2) D:11            Elf (0/3) Orc:2        Vaults (2/5) D:14
  Crypt: Vaults:2-3  Depths: D:15

Altars:
Ashenzari
Cheibriados
Dithmenos
Elyvilon
Fedhas
Gozag
Hepliaklqana
Kikubaaqudgha
Makhleb
Nemelex Xobeh
Okawaru
Qazlal
Ru
Sif Muna
Trog
Uskayaw
Vehumet
Wu Jian
Xom
Yredelemnul
Zin
The Shining One
Beogh

Shops:
D:7 %   Orc:2 [(:!%   Snake:3 =}=   Vaults:1 }

Portals:
Hell: Lair:6


Innate Abilities, Weirdness & Mutations

You reflexively headbutt those who attack you in melee.
You have a pair of horns on your head.
You have very sharp teeth.
Your muscles are very strong. (Str +4)


Message History

A battlesphere comes into view.
Unknown command.
Okay, then.
A red film seems to cover your vision as you go berserk!
You feel yourself moving faster!
You feel mighty!
You are feeling very hungry.
You block the vault warden's attack.
A stone giant comes into view.
You bludgeon the vault warden!! Your headbutt misses the vault warden.
Your bite misses the vault warden.
The vault warden is severely wounded.
You sock the vault warden! You headbutt the vault warden.
You kill the vault warden!
Okawaru accepts your kill.
The runic seals fade away.
The tengu reaver casts a spell at you.
The fireball explodes!
The fireball engulfs you!
* * * LOW HITPOINT WARNING * * *
The battlesphere fires!
The barrage of energy hits you!
You die...

..##'#..#############
..#..#..#...........#
..#..#..#...........#
..####..#C..........#
........'....<.[....#
........#..p.)*.....#############
#########....)Q.....##.##.##.##.#
#######)######..........#
#...@....+...8..8...#
#........+..........#
#........#.##.##.##.#
#........############ #........#
#........# ####+##+#### ###
#######..........#
#.###.....#....##....#


You could see an ironheart preserver, a stone giant, a tengu reaver and a
battlesphere.

Vanquished Creatures
  Vashnia (Snake:4)
  2 thorn hunters
  Kirke (D:13)
  14 nagarajas
  A vault warden (Vaults:2)
  An orc warlord (Orc:1)
  A minotaur (Lab)
  A yaktaur captain (Vaults:2)
  A great orb of eyes (Vaults:2)
  18 hydras
  3 ghost crabs
  12 anacondas
  2 ice dragons
  22 naga warriors
  A hell beast (Lair:6)
  A death knight (D:14)
  15 two-headed ogres
  2 centaur warriors
  3 death yaks (Lair:6)
  3 ogre magi
  13 alligators
  17 naga sharpshooters
  A queen ant (Lair:2)
  7 shock serpents
  An orc high priest (Orc:2)
  The ghost of Valentain the Sneak, a novice OpAE of Ashenzari (D:9)
  A deep elf knight (Vaults:2)
  4 skeletal warriors (Vaults:2)
  A deep troll (Vaults:2)
  7 salamander mystics
  2 sea snakes (Snake:4)
  3 unseen horrors
  3 spriggan druids (Swamp:4)
  8 naga ritualists
  13 swamp dragons
  4 shambling mangroves
  4 wizards
  4 ironbrand convokers
  3 harpies (Vaults:1)
  2 lindwurms (Swamp:4)
  7 orc knights
  A harpy (shapeshifter) (D:15)
  19 ugly things
  3 oklob plants
  7 mana vipers
  2 orc sorcerers
  3 cyclopes
  A wolf spider (Vaults:1)
  A manticore (D:14)
  10 elephants
  5 deep elf magi
  18 salamanders
  12 guardian serpents
  5 vault sentinels
  34 black mambas
  19 naga magi
  A guardian serpent (shapeshifter) (Vaults:1)
  13 spiny frogs
  3 orange demons (Lair:6)
  3 rime drakes (Lair:6)
  A kobold demonologist (D:12)
  A yaktaur (Vaults:1)
  4 freezing wraiths
  A hellwing (Lair:6)
  9 komodo dragons
  A yaktaur (shapeshifter) (Vaults:1)
  A minotaur skeleton (Lab)
  2 ice devils (Lair:6)
  10 tyrant leeches
  2 polar bears (Lair:6)
  7 trolls
  14 hornets
  A queen bee (shapeshifter) (Vaults:1)
  A wind drake (shapeshifter) (Vaults:2)
  7 dream sheep (Lair:6)
  Grinder (D:3)
  15 blink frogs
  5 bog bodies
  11 slime creatures
  11 hippogriffs
  5 redbacks
  11 spriggans
  2 shadows
  A tarantella (D:15)
  3 wraiths
  3 wyverns
  3 basilisks
  23 yaks
  2 hogs (D:14)
  Eustachio (D:5)
  14 vampire mosquitoes
  6 hungry ghosts
  9 wargs
  A steam dragon (Lair:5)
  Menkaure (D:5)
  Edmund (D:5)
  20 soldier ants (Lair:2)
  65 nagas
  7 insubstantial wisps
  An acid dragon (D:13)
  12 water moccasins
  16 swamp worms
  Duvessa (D:6)
  3 porcupines
  5 hell hounds (Lair:6)
  10 swamp drakes
  A black bear (D:13)
  3 ice beasts
  35 orc warriors
  5 sky beasts
  8 necrophages
  18 ogres
  A phantom (D:4)
  13 centaurs
  11 crocodiles
  A big kobold (D:7)
  17 bullfrogs
  A gnoll sergeant (D:9)
  Dowan (D:6)
  9 scorpions
  A wyvern skeleton (D:9)
  8 killer bees
  A howler monkey (D:10)
  2 spriggan skeletons (Lab)
  3 wights (D:9)
  8 jellies
  4 lava snakes (Lab)
  9 crimson imps
  8 centaur zombies
  A quasit (D:8)
  6 hounds
  22 orc priests
  6 centaur skeletons
  37 orc wizards
  Crazy Yiuf (D:3)
  Jessica (D:3)
  4 iguanas
  Ijyb (D:3)
  29 worker ants
  2 killer bee zombies
  2 hound skeletons (D:6)
  A hound zombie (D:6)
  A worker ant zombie (D:6)
  12 adders
  11 gnolls
  2 shadow imps
  An ooze (D:3)
  2 adder zombies
  3 adder skeletons
  7 leopard geckos
  103 orcs
  4 giant cockroaches
  7 hobgoblins
  4 jackals (D:5)
  4 quokkas
  3 ball pythons
  6 bats
  6 frilled lizards
  8 goblins
  10 kobolds
  2 leopard gecko skeletons (D:4)
  A leopard gecko zombie (D:9)
  2 quokka skeletons
  A quokka zombie (D:7)
  7 rats
  4 briar patches (Swamp:3)
  3 plants
1197 creatures vanquished.

Vanquished Creatures (others)
  A hydra (Swamp:2)
  An alligator (Swamp:1)
  A deep elf knight (Vaults:1)
  A naga ritualist (Snake:1)
  A lindwurm (Swamp:4)
  A spriggan (Swamp:4)
  A human (shapeshifter) (D:14)
  A human (D:14)
  A swamp drake (Swamp:4)
  3 briar patches (Swamp:3)
  4 fungi
  7 plants
  8 toadstools (Swamp:3)
31 creatures vanquished.

Grand Total: 1228 creatures vanquished

Notes
Turn   | Place    | Note
-------+----------+-------------------------------------------
     0 | D:1      | Mjsee792 the Minotaur Fighter began the quest for the Orb.
     0 | D:1      | Reached XP level 1. HP: 19/19 MP: 0/0
   210 | D:1      | Reached XP level 2. HP: 27/27 MP: 1/1
   412 | D:1      | Reached skill level 4 in Shields
   746 | D:2      | Reached XP level 3. HP: 30/33 MP: 2/2
  1407 | D:3      | Reached XP level 4. HP: 38/41 MP: 3/3
  1408 | D:3      | Noticed Ijyb
  1417 | D:3      | Killed Ijyb
  1446 | D:3      | Noticed Grinder
  1446 | D:3      | Paralysed by Grinder for 6 turns
  1462 | D:3      | Paralysed by Grinder for 7 turns
  1471 | D:3      | Killed Grinder
  1471 | D:3      | Reached skill level 5 in Fighting
  1471 | D:3      | Reached skill level 5 in Shields
  1471 | D:3      | Reached XP level 5. HP: 18/48 MP: 4/4
  1471 | D:3      | Reached XP level 6. HP: 21/56 MP: 5/5
  1874 | D:3      | Noticed Jessica
  1876 | D:3      | Found an ornate altar of the Wu Jian Council.
  1884 | D:3      | Killed Jessica
  1953 | D:3      | Found a runed door.
  2031 | D:3      | Noticed Crazy Yiuf
  2033 | D:3      | Paralysed by Crazy Yiuf for 4 turns
  2039 | D:3      | Killed Crazy Yiuf
  2340 | D:4      | Found a snail-covered altar of Cheibriados.
  2417 | D:4      | Found a glowing silver altar of Zin.
  2434 | D:4      | Reached skill level 6 in Shields
  2759 | D:4      | Reached XP level 7. HP: 53/62 MP: 6/6
  3157 | D:5      | Entered Level 5 of the Dungeon
  3182 | D:5      | Noticed Eustachio
  3182 | D:5      | Noticed Menkaure
  3201 | D:5      | Killed Eustachio
  3201 | D:5      | Reached skill level 7 in Shields
  3205 | D:5      | Killed Menkaure
  3205 | D:5      | Reached XP level 8. HP: 54/71 MP: 7/7
  3334 | D:5      | Found a staircase to the Ecumenical Temple.
  3399 | Temple   | Entered the Ecumenical Temple
  3499 | D:5      | Noticed Edmund
  3518 | D:5      | Killed Edmund
  3782 | D:5      | Reached skill level 8 in Shields
  4212 | D:5      | Found a shimmering altar of Xom.
  4594 | D:6      | Got a jewelled flail
  4595 | D:6      | Identified the +9 flail of Fixation {crush, *Corrode rElec
                  | rN+ Dex+2} (You found it on level 6 of the Dungeon)
  4609 | D:6      | Found an opulent altar of Gozag.
  4665 | D:6      | Reached skill level 9 in Shields
  4676 | D:6      | Noticed Duvessa
  4676 | D:6      | Noticed Dowan
  4690 | D:6      | Killed Duvessa
  4690 | D:6      | Reached XP level 9. HP: 77/82 MP: 8/8
  4692 | D:6      | Killed Dowan
  4729 | D:6      | Found an ancient bone altar of Kikubaaqudgha.
  4769 | D:6      | Found a bloodstained altar of Trog.
  4800 | D:6      | Found a basalt altar of Yredelemnul.
  5080 | D:7      | Reached skill level 10 in Shields
  5594 | D:7      | Reached skill level 11 in Shields
  5819 | D:7      | Found a radiant altar of Vehumet.
  5819 | D:7      | Found a sparkling altar of Nemelex Xobeh.
  5859 | D:7      | Found Zatsedol's Food Boutique.
  5865 | D:7      | Reached skill level 10 in Fighting
  6032 | D:8      | Reached XP level 10. HP: 93/93 MP: 9/9
  6053 | D:8      | Found a shattered altar of Ashenzari.
  6095 | D:8      | Found a shattered altar of Ashenzari.
  6435 | D:8      | Killed an unseen horror
  6435 | D:8      | Reached skill level 12 in Shields
  6694 | D:9      | Noticed a two-headed ogre
  6699 | D:9      | Reached skill level 10 in Armour
  6975 | D:9      | Killed a two-headed ogre
  7267 | D:9      | Found a large runed door.
  7267 | D:9      | Found a large runed door.
  7282 | D:9      | Noticed Valentain's ghost (novice OpAE)
  7309 | D:9      | Killed Valentain's ghost
  7309 | D:9      | Reached skill level 13 in Shields
  7432 | D:9      | Found an iron altar of Okawaru.
  7440 | D:9      | Became a worshipper of Warmaster Okawaru
  7976 | D:10     | Entered Level 10 of the Dungeon
  8039 | D:10     | Noticed a two-headed ogre
  8046 | D:10     | Killed a two-headed ogre
  8046 | D:10     | Reached * piety under Okawaru
  8046 | D:10     | Reached XP level 11. HP: 68/104 MP: 10/10
  8264 | D:10     | Found a white marble altar of Elyvilon.
  8315 | D:10     | Reached ** piety under Okawaru
  8419 | D:10     | Noticed a two-headed ogre
  8426 | D:10     | Killed a two-headed ogre
  8426 | D:10     | Reached skill level 14 in Shields
  8719 | D:11     | Found a staircase to the Lair.
  8719 | D:11     | Noticed a five-headed hydra
  8721 | D:11     | Noticed an oklob plant
  8721 | D:11     | Noticed an oklob plant
  8731 | D:11     | Killed a five-headed hydra
  9124 | D:11     | Noticed a four-headed hydra
  9137 | D:11     | Killed a four-headed hydra
  9137 | D:11     | Reached *** piety under Okawaru
  9501 | D:11     | Found a staircase to the Orcish Mines.
  9554 | D:11     | Reached skill level 15 in Shields
  9556 | D:11     | Reached **** piety under Okawaru
  9643 | D:11     | Got an encrusted dagger
 10113 | Orc:1    | Entered Level 1 of the Orcish Mines
 10124 | Orc:1    | Noticed an orc sorcerer
 10144 | Orc:1    | Killed an orc sorcerer
 10277 | Orc:1    | Noticed an orc warlord
 10288 | Orc:1    | Killed an orc warlord
 10288 | Orc:1    | Reached ***** piety under Okawaru
 10288 | Orc:1    | Reached skill level 1 in Evocations
 10288 | Orc:1    | Reached XP level 12. HP: 115/115 MP: 8/11
 10469 | Orc:1    | Identified the +8 dagger of Qomaag {pain, rPois rF+ rC+}
                  | (You found it on level 11 of the Dungeon)
 10693 | Orc:2    | Entered Level 2 of the Orcish Mines
 11540 | D:12     | Reached skill level 16 in Shields
 11549 | D:12     | Got a translucent ring mail
 11560 | D:12     | Identified the +2 ring mail of a labyrinth {Int+2} (You
                  | found it on level 12 of the Dungeon)
 11611 | D:12     | Received a gift from Okawaru
 12028 | D:13     | Noticed a tengu reaver
 12028 | D:13     | Noticed a six-headed hydra
 12029 | D:13     | Noticed a four-headed hydra
 12642 | D:14     | Noticed Kirke
 12646 | D:14     | Noticed a sphinx
 12872 | D:13     | Killed Kirke
 13073 | D:14     | Noticed a death knight
 13270 | D:14     | Killed a death knight
 13270 | D:14     | Reached skill level 17 in Shields
 13332 | D:14     | Reached XP level 13. HP: 91/124 MP: 13/13
 14223 | D:14     | Found a gate to the Vaults.
 14539 | D:15     | Entered Level 15 of the Dungeon
 14581 | D:15     | Received a gift from Okawaru
 14591 | D:15     | Reached skill level 15 in Fighting
 14639 | D:15     | Reached ****** piety under Okawaru
 14660 | D:15     | Reached skill level 18 in Shields
 14668 | D:15     | Reached skill level 1 in Invocations
 15264 | Orc:2    | Found a staircase to the Elven Halls.
 15273 | Orc:2    | Found a roughly hewn altar of Beogh.
 15520 | Orc:2    | Found a roughly hewn altar of Beogh.
 15904 | Orc:2    | Found Tualaaha's Distillery.
 15926 | Orc:2    | Bought a potion of heal wounds for 65 gold pieces
 15926 | Orc:2    | Bought a potion of heal wounds for 65 gold pieces
 16000 | Orc:2    | Found a roughly hewn altar of Beogh.
 16128 | Orc:2    | Received a gift from Okawaru
 16445 | Orc:2    | Found Orhug's Antique Armour Shoppe.
 16446 | Orc:2    | Found a roughly hewn altar of Beogh.
 16471 | Orc:2    | Found Ofuleluxea's Antique Weapon Emporium.
 16556 | Orc:2    | Found a roughly hewn altar of Beogh.
 16557 | Orc:2    | Found Vegetoupn's Food Shoppe.
 16673 | Orc:2    | Found a roughly hewn altar of Beogh.
 16673 | Orc:2    | Found Xateu's Book Shoppe.
 16808 | Orc:2    | Bought the +3 crown of Dyrovepreva {rElec Int+2 SInv} for
                  | 1490 gold pieces
 16808 | Orc:2    | Found the +3 crown of Dyrovepreva {rElec Int+2 SInv}
 17349 | D:11     | Reached skill level 19 in Shields
 17404 | Lair:1   | Entered Level 1 of the Lair of Beasts
 17634 | Lair:1   | Got a faintly glowing steel ring
 18038 | Lair:2   | Found a labyrinth entrance.
 18060 | Lair:2   | Reached XP level 14. HP: 125/135 MP: 14/14
 18099 | Lab      | Entered a labyrinth
 19286 | Lab      | Got an ancient robe
 19336 | Lair:2   | Identified the cursed +1 robe of Vymputep {Regen+ Str+4}
                  | (You found it in a labyrinth)
 19559 | Lair:2   | Identified the ring "Dagotul" {*Tele Str+5 Int+3} (You
                  | found it on level 1 of the Lair of Beasts)
 19566 | Lair:2   | Gained mutation: You have very sharp teeth. [potion of
                  | mutation]
 19566 | Lair:2   | Gained mutation: Your mind is acute. (Int +2) [potion of
                  | mutation]
 19566 | Lair:2   | Gained mutation: You are frail. (-10% HP) [potion of
                  | mutation]
 19566 | Lair:2   | Gained mutation: You possess an exceptional clarity of
                  | mind. [potion of mutation]
 19567 | Lair:2   | Lost mutation: Your mind is acute. (Int +2) [potion of
                  | mutation]
 19567 | Lair:2   | Lost mutation: You possess an exceptional clarity of mind.
                  | [potion of mutation]
 19567 | Lair:2   | Lost mutation: You are frail. (-10% HP) [potion of
                  | mutation]
 19567 | Lair:2   | Gained mutation: You evolve. [potion of mutation]
 19567 | Lair:2   | Gained mutation: Armour fits poorly on your strangely
                  | shaped body. [potion of mutation]
 19567 | Lair:2   | Gained mutation: Your muscles are strong. (Str +2) [potion
                  | of mutation]
 19836 | Lair:2   | Found a staircase to the Snake Pit.
 20023 | Lair:2   | Lost mutation: Armour fits poorly on your strangely shaped
                  | body. [evolution]
 20303 | Lair:2   | Reached skill level 20 in Shields
 20863 | Lair:3   | Received a gift from Okawaru
 21294 | Lair:4   | Received a gift from Okawaru
 21295 | Lair:4   | Got a faintly glowing broad axe {god gift}
 21296 | Lair:4   | Identified the +11 broad axe of Irritation {freeze, Str+3}
                  | (Okawaru gifted it to you on level 4 of the Lair of Beasts)
 21431 | Lair:4   | Found a staircase to the Swamp.
 22063 | Lair:5   | Received a gift from Okawaru
 22227 | Lair:6   | Entered Level 6 of the Lair of Beasts
 22273 | Lair:6   | Reached skill level 21 in Shields
 22315 | Lair:6   | Found a staircase to the Slime Pits.
 22485 | Lair:6   | Gained mutation: Your muscles are very strong. (Str +4)
                  | [evolution]
 22485 | Lair:6   | Lost mutation: You evolve. [end of evolution]
 22582 | Lair:6   | Reached XP level 15. HP: 143/143 MP: 15/15
 22912 | Lair:6   | Found a burning altar of Makhleb.
 22942 | Lair:6   | Found a gateway to Hell.
 23182 | Snake:1  | Entered Level 1 of the Snake Pit
 23282 | Snake:1  | Reached skill level 22 in Shields
 23304 | Snake:1  | Received a gift from Okawaru
 24493 | Swamp:1  | Entered Level 1 of the Swamp
 24901 | Swamp:1  | You are sucked into a shaft!
 26364 | Swamp:2  | Received a gift from Okawaru
 27042 | Swamp:3  | Reached skill level 1 in Maces & Flails
 27042 | Swamp:3  | Reached XP level 16. HP: 131/165 MP: 16/16
 27073 | Swamp:3  | Noticed a thorn hunter
 27088 | Swamp:2  | Killed a thorn hunter
 27450 | Swamp:3  | Reached skill level 5 in Maces & Flails
 27834 | Swamp:3  | Noticed a thorn hunter
 27857 | Swamp:3  | Killed a thorn hunter
 28378 | Swamp:4  | Entered Level 4 of the Swamp
 28397 | Swamp:3  | Paralysed by a hornet for 1 turns
 28542 | Swamp:4  | Got a fine flail
 28555 | Swamp:3  | Identified the +6 flail "Xifoent" {holy, +Fly Dex+4} (You
                  | found it on level 4 of the Swamp)
 28868 | Swamp:4  | Reached skill level 10 in Maces & Flails
 28877 | Swamp:4  | Received a gift from Okawaru
 29209 | Swamp:4  | Got a decaying rune of Zot
 31109 | Snake:2  | Reached XP level 17. HP: 118/172 MP: 17/17
 31115 | Snake:2  | Received a gift from Okawaru
 33234 | Snake:3  | Found Ybaxzo's Jewellery Shop.
 33234 | Snake:3  | Found Votie's Gadget Shoppe.
 33235 | Snake:3  | Found Nuyxit's Jewellery Shop.
 33242 | Snake:3  | Bought a phantom mirror for 360 gold pieces
 33685 | Snake:4  | Entered Level 4 of the Snake Pit
 33967 | Snake:4  | Reached skill level 23 in Shields
 34602 | Snake:4  | Received a gift from Okawaru
 35677 | Snake:4  | Noticed Vashnia
 35708 | Snake:4  | Killed Vashnia
 36193 | Snake:4  | Received a gift from Okawaru
 36298 | Snake:4  | Reached skill level 24 in Shields
 36344 | Snake:4  | Reached XP level 18. HP: 169/182 MP: 19/19
 36486 | Snake:4  | Reached skill level 15 in Armour
 38444 | Snake:4  | Got a serpentine rune of Zot
 38745 | Vaults:1 | Entered Level 1 of the Vaults
 38937 | Vaults:1 | Reached skill level 25 in Shields
 39313 | Vaults:1 | Received a gift from Okawaru
 39319 | Vaults:1 | Got a pair of warped gloves {god gift}
 39332 | Vaults:1 | Identified the -4 pair of gloves "Bayd" {Str+7 Int+2}
                  | (Okawaru gifted it to you on level 1 of the Vaults)
 39762 | Vaults:1 | Found Aroali's Gadget Emporium.
 40902 | Vaults:2 | HP: 3/274 [tengu reaver/fireball (74)]
 40902 | Vaults:2 | Killed from afar by a battlesphere

Skill      XL: |  1  2  3  4  5  6  7  8  9 10 11 12 13 14 15 16 17 18 |
---------------+-------------------------------------------------------+-----
Armour         | 4 6 8 9 10 11 12 13 14 15 | 15.5
Shields        | 4 5 6 7 9 11 13 15 17 19 21 22 24 25 | 25.7
Fighting       | 4 5 6 8 10 11 13 14 15 20 21 | 21.7
Evocations     | 1 2 |  2.8
Invocations    | 1 |  1.4
Maces & Flails | 1 13 | 13.9
Axes           | |  2.4

Action                   |  1- 3 |  4- 6 |  7- 9 | 10-12 | 13-15 | 16-18 || total
-------------------------+-------+-------+-------+-------+-------+-------++-------
Melee: War axe           |   110 |    76 |   177 |       |       |       ||   363
       Headbutt          |     7 |    10 |    59 |   167 |   423 |   547 ||  1213
       Flail             |       |       |   145 |   548 |  1113 |  1542 ||  3348
       Unarmed           |       |       |       |    16 |       |       ||    16
       Broad axe         |       |       |       |       |   230 |       ||   230
       Bite              |       |       |       |       |   150 |   310 ||   460
Invok: Heroism           |       |       |       |     2 |     2 |     4 ||     8
       Finesse           |       |       |       |       |     1 |     2 ||     3
 Abil: Evoke Berserk Rag |       |     1 |       |     5 |     7 |     5 ||    18
  Use: Scroll            |       |       |       |    13 |    27 |     2 ||    42
       Potion            |       |       |       |     2 |     6 |     2 ||    10
  Eat: Chunk             |     1 |     2 |    12 |    23 |    33 |    18 ||    89
       Ration            |       |     1 |       |     2 |     7 |     9 ||    19
Armor: Scale mail        |    54 |    24 |       |       |       |       ||    78
       Ring mail         |       |    13 |   136 |   197 |       |       ||   346
       Crystal plate arm |       |       |       |   160 |   944 |   648 ||  1752
Dodge: Dodged            |    36 |    23 |   109 |   218 |   270 |   211 ||   867
Block: Shield            |    66 |    44 |   200 |   452 |    48 |       ||   810
       Large shield      |       |       |       |    80 |  1974 |  1825 ||  3879
       Reflection        |       |       |       |       |     7 |       ||     7
